 Dungeon Crawl Stone Soup version 0.20.0-10-g0535bb4 (webtiles) character file.

543 Chiseanne the Magician (level 7, 46/46 HPs)
             Began as a Demonspawn Wizard on June 6, 2017.
             Was an Initiate of Vehumet.
             Quit the game on level 4 of the Dungeon.
             The game lasted 00:10:22 (5633 turns).

Chiseanne the Magician (Demonspawn Wizard)          Turns: 5633, Time: 00:10:22

Health: 46/46      AC:  6    Str:  7    XL:     7   Next: 6%
Magic:  15/15      EV:  9    Int: 21    God:    Vehumet [......]
Gold:   296        SH:  0    Dex: 12    Spells: 8/17 levels left

rFire    . . .     SeeInvis .   a - +1 short sword (elec)
rCold    . . .     Gourm    .   (no shield)
rNeg     . . .     Faith    .   b - +0 robe
rPois    .         Spirit   .   p - +1 helmet
rElec    .         Reflect  .   (no cloak)
rCorr    .         Harm     .   f - +1 pair of gloves
MR       .....                  (no boots)
Stlth    ++........             (no amulet)
Regen    0.2/turn               q - -3 ring of evasion (curse)
MPRegen  0.2/turn               (no ring)

@: no status effects
A: claws 1, foul stench 1, rot immunity
a: Renounce Religion


You were on level 4 of the Dungeon.
You worshipped Vehumet.
Vehumet was noncommittal.
You were not hungry.

You visited 1 branch of the dungeon, and saw 4 of its levels.

You collected 296 gold pieces.

Inventory:

Hand Weapons
 a - a +1 short sword of electrocution (weapon)
 w - a +0 blowgun
Missiles
 e - 157 stones (quivered)
 g - 75 poisoned needles
 i - 85 arrows
 n - 43 sling bullets
Armour
 b - a +0 robe (worn)
 f - a +1 pair of gloves (worn)
 p - a +1 helmet (worn)
Jewellery
 q - a cursed -3 ring of evasion (left hand)
Scrolls
 h - a scroll of identify
 k - 2 scrolls of remove curse
Potions
 j - a potion of resistance
 o - a potion of cancellation
 r - a potion of lignification
Comestibles
 c - 4 fruits
 d - 4 bread rations
 l - 5 chunks of flesh
 m - 2 royal jellies


   Skills:
 - Level 1.7 Dodging
 - Level 1.7 Stealth
 * Level 5.7 Spellcasting
 * Level 5.2 Conjurations
   Level 1.0 Summonings
 - Level 0.8 Translocations


You had 8 spell levels left.
You knew the following spells:

 Your Spells              Type           Power        Failure   Level  Hunger
a - Magic Dart            Conj           ####         1%          1    None
b - Blink                 Tloc           N/A          11%         2    None
c - Conjure Flame         Conj/Fire      ###.....     11%         3    ##.....
d - Mephitic Cloud        Conj/Pois/Air  ##......     14%         3    ##.....


Dungeon Overview and Level Annotations

Branches:
Dungeon (4/15)
 Temple: D:4-7

Altars:
Cheibriados
Gozag
Nemelex Xobeh
Vehumet
Yredelemnul

Shops:
D:4 :

Annotations:
D:3 1 transporter


Innate Abilities, Weirdness & Mutations

You have sharp fingernails.
You may emit foul miasma when damaged in melee.
You are immune to rotting.


Message History

You hit the centaur. Lightning courses through the centaur!
You kill the centaur!
Vehumet accepts your kill.
You have reached level 7!
Your demonic ancestry asserts itself...
Your fingernails lengthen.
i - 85 arrows (gained 27);
q - a brass ring
Things that are here:
a shortbow; a centaur corpse You butcher the centaur corpse.
l - 9 chunks of flesh (gained 5)
You see here a shortbow.
Eating one of 9 chunks of flesh.
You eat one of the 9 chunks of flesh.
This raw flesh tastes terrible.
Some of the chunks of flesh in your inventory have rotted away.
Okay, then.
Put on which piece of jewellery? (? for menu, Esc to quit)
Oops, that ring feels deathly cold.
q - a cursed -3 ring of evasion (left hand) Are you sure you want to abandon this character and quit the game? (Confirm with "yes".)

#######รท...#.####.##........###
8..#.........# #...........#
_............# #.####.####.#
8..#........## #.##.....##.####
#######....######.#.......#..>.#
...............##.#.......#....#
#..............#......_........#
...............#..#.......#....
.#####....#.##..@.#.......#....
## #....#.##.#..##.....##.##
#....#.##.##.####.####.#
#....#.##.##...........# ###
#....#.##...........#..# #.. ###
##......######.......#.## #.#
..###.......## #.......#..###..
#............# #.##..^.........
#.###....##..#####.##.......###.#


There were no monsters in sight!

Vanquished Creatures
  An ogre (D:4)
  A centaur (D:4)
  Blork the orc (D:4)
  An orc wizard (D:3)
  A worker ant (D:4)
  Natasha (thrice) (D:3)
  Robin (D:2)
  3 gnolls (D:3)
  2 adders (D:3)
  2 adder skeletons
  2 worms
  3 dart slugs
  8 leopard geckos
  5 orcs
  7 bats
  3 giant cockroaches
  16 goblins
  13 hobgoblins
  11 jackals
  7 kobolds
  3 quokkas (D:3)
  3 frilled lizards
  6 rats
103 creatures vanquished.

Notes
Turn   | Place    | Note
-------+----------+-------------------------------------------
     0 | D:1      | Chiseanne the Demonspawn Wizard began the quest for the Orb.
     0 | D:1      | Reached XP level 1. HP: 13/13 MP: 4/4
   249 | D:1      | Gained mutation: You are immune to rotting. [demonic ancestry]
   249 | D:1      | Reached XP level 2. HP: 13/19 MP: 0/6
  1000 | D:1      | Gained mutation: You may emit foul miasma when damaged in melee. [demonic ancestry]
  1000 | D:1      | Reached XP level 3. HP: 24/24 MP: 0/8
  1240 | D:2      | Learned a level 2 spell: Blink
  1244 | D:2      | Learned a level 3 spell: Conjure Flame
  1248 | D:2      | Learned a level 3 spell: Mephitic Cloud
  1598 | D:2      | Noticed Robin
  1792 | D:2      | Killed Robin
  1792 | D:2      | Reached XP level 4. HP: 30/30 MP: 0/9
  2957 | D:3      | Found a basalt altar of Yredelemnul.
  3041 | D:3      | Found a sparkling altar of Nemelex Xobeh.
  3041 | D:3      | Found a radiant altar of Vehumet.
  3048 | D:3      | Became a worshipper of Vehumet
  3109 | D:3      | Noticed Natasha
  3124 | D:3      | Killed Natasha
  3229 | D:3      | Found a transporter.
  3230 | D:3      | Reached XP level 5. HP: 35/35 MP: 9/11
  3712 | D:3      | Noticed Natasha
  3718 | D:3      | Killed Natasha
  4103 | D:3      | Noticed Natasha
  4139 | D:3      | Killed Natasha
  4139 | D:3      | Reached skill level 5 in Spellcasting
  4139 | D:3      | Reached XP level 6. HP: 34/41 MP: 1/13
  4628 | D:4      | Found a snail-covered altar of Cheibriados.
  5061 | D:4      | Found Taevvix's Book Boutique.
  5118 | D:4      | Found an opulent altar of Gozag.
  5323 | D:4      | Noticed Blork the orc
  5337 | D:4      | Killed Blork the orc
  5337 | D:4      | Reached skill level 5 in Conjurations
  5498 | D:4      | Gained mutation: You have sharp fingernails. [demonic ancestry]
  5498 | D:4      | Reached XP level 7. HP: 26/46 MP: 13/15
  5633 | D:4      | Quit the game

Skill      XL: |  1  2  3  4  5  6 |
---------------+-------------------+-----
Conjurations   | 2 3 4 5 |  5.2
Spellcasting   | 4 5 |  5.7
Dodging        | |  1.7
Stealth        | |  1.7
Summonings     | |  1.0
Translocations | |  0.8

Action                   |  1- 3 |  4- 6 |  7- 9 || total
-------------------------+-------+-------+-------++-------
Melee: Short sword       |    13 |    51 |       ||    64
       Unarmed           |     1 |       |       ||     1
 Cast: Magic Dart        |    91 |   181 |       ||   272
       Mephitic Cloud    |     1 |     8 |       ||     9
       Conjure Flame     |       |     3 |       ||     3
       Blink             |       |     2 |       ||     2
  Use: Scroll            |       |     9 |       ||     9
  Eat: Chunk             |     3 |    11 |     1 ||    15
Armor: Robe              |     4 |    18 |       ||    22
Dodge: Dodged            |    28 |    56 |       ||    84
